 Dungeon Crawl Stone Soup version 0.24-b1-44-g37ad8b309f (webtiles) character file.

Game seed: 7554392444147450853, levelgen mode: deterministic

63 Fistmachine the Sneak (level 3, -1/14 HPs)
             Began as a Felid Venom Mage on Oct 24, 2019.
             Was an Initiate of Dithmenos.
             Slain by an orc
             ... wielding a +0 trident
              (10 damage)
             ... on level 2 of the Dungeon.
             The game lasted 00:06:17 (1793 turns).

Fistmachine the Sneak (Felid Venom Mage)            Turns: 1793, Time: 00:06:17

Health: -1/14      AC:  1    Str:  4    XL:     3   Next: 87%
Magic:  6/7        EV: 19    Int: 17    God:    Dithmenos [......]
Gold:   68         SH:  0    Dex: 16    Spells: 4/7 levels left
                                        Lives:  0   Deaths: 0

rFire    . . .     SeeInvis +   (weapon unavailable)
rCold    . . .     Gourm    .   (shield unavailable)
rNeg     . . .     Faith    .   (armour unavailable)
rPois    .         Spirit   .   (helmet unavailable)
rElec    .         Reflect  .   (cloak unavailable)
rCorr    .         Harm     .   (gloves unavailable)
MR       .....                  (boots unavailable)
Stlth    +++.......             (no amulet)
HPRegen  0.04/turn              (no ring)
MPRegen  0.10/turn              (no ring)

@: very slightly contaminated, quick
A: very small, no armour, no weapons or thrown items, stealth, claws 1, fangs 3,
see invisible, carnivore, speed 1, shaggy fur 1, slow metabolism 1, sharp paws
a: Renounce Religion


You were on level 2 of the Dungeon.
You worshipped Dithmenos.
Dithmenos was noncommittal.
You were not hungry.

You visited 1 branch of the dungeon, and saw 2 of its levels.

You collected 68 gold pieces.

Inventory:

Scrolls
 a - a scroll of fear {unknown}
 c - a scroll of identify {unknown}
 d - a scroll of teleportation {unknown}
 g - a scroll of remove curse {unknown}
Potions
 e - a potion of invisibility {unknown}
 f - a potion of heal wounds {unknown}
Comestibles
 b - 2 rations


   Skills:
 + Level 3.4 Dodging
 + Level 3.6 Stealth
 + Level 2.5 Spellcasting
 - Level 0.8 Conjurations
 * Level 3.4 Poison Magic


You had 4 spell levels left.
You knew the following spells:

 Your Spells              Type           Power        Failure   Level  Hunger
a - Sting                 Conj/Pois      #...         8%          1    #......
b - Poisonous Vapours     Pois/Air       #.....       14%         2    ##.....

Your spell library contained the following spells:

 Spells                   Type           Power        Failure   Level  Hunger
 Mephitic Cloud           Conj/Pois/Air  #.......     30%         3    ###....
 Olgreb's Toxic Radiance  Pois           ##......     41%         4    #####..
 Venom Bolt               Conj/Pois      #.........   91%         5    ######.


Dungeon Overview and Level Annotations

Branches:
Dungeon (2/15)

Altars:
Dithmenos


Innate Abilities, Weirdness & Mutations

You cannot wear armour.
You are incapable of wielding weapons or throwing items.
Your paws allow you to move quietly. (Stealth)
You have sharp claws.
You have razor-sharp teeth.
You have supernaturally acute eyesight. (SInv)
You are carnivorous and can eat meat at any time.
You cover ground quickly.
You are covered in fur. (AC +1)
You have a slow metabolism.
Your sharp claws are effective at attacking unaware monsters.


Message History

Aiming: Poisonous Vapours (safe; 14% risk of failure)
Press: ? - help, Dir - move target cursor You can't see that place. [a rock wall.]
Okay, then.
Casting: Poisonous Vapours (safe; 14% risk of failure)
Confirm with . or Enter, or press ? or * to list all spells.
Aiming: Sting (safe; 8% risk of failure)
Press: ? - help, Shift-Dir - straight line, f - orc
Aim: an orc, wielding a +0 trident and wearing a +0 leather armour You miscast Sting.
You are very lightly contaminated with residual magic.
Nothing appears to happen.
The orc hits you with a +0 trident.
You barely miss the orc. You bite the orc, but do no damage.
The orc completely misses you.
You closely miss the orc. The orc hits you with a +0 trident.
The orc hits you from afar with a +0 trident!
Ouch! That really hurt!
You die...

#.## ##.# ..... .# #.# #..# #.#.#
#.# #.# #.## #.#.# #.# #.####.##
#.#.# #.## #.......# #.#.# #..
#.####..##########.#.# #.# ##
##.....>..............###.## ..##
#.............#####.##.....##.#..
................@...##..#..#.....
#.............###...÷..###......#
..............###o.##..###..##...
..##.##.###.###....###..#..###.##
.###†##.# #.# #.##..##.....##..##
###..##.# #.# #..................
##..†##.# #.# #...##...[.....##..
#.....#.# #.# ##.####..._...##
#....(..# #.# #..##.........##..


You could see an orc.

Vanquished Creatures
  An adder (D:2)
  A worm (D:1)
  4 leopard geckos
  2 orcs (D:2)
  A ball python (D:2)
  2 giant cockroaches
  8 goblins
  3 hobgoblins
  3 jackals
  2 kobolds (D:1)
  7 bats
  2 frilled lizards (D:1)
  6 rats
42 creatures vanquished.

Notes
Turn   | Place    | Note
-------+----------+-------------------------------------------
     0 | D:1      | Fistmachine the Felid Venom Mage began the quest for the
                  | Orb.
     0 | D:1      | Reached XP level 1. HP: 7/7 MP: 4/4
   222 | D:1      | Reached XP level 2. HP: 11/11 MP: 0/6
   227 | D:1      | Learned a level 2 spell: Poisonous Vapours
  1085 | D:1      | Reached XP level 3. HP: 14/14 MP: 2/7
  1320 | D:2      | Found a shadowy altar of Dithmenos.
  1330 | D:2      | Became a worshipper of Dithmenos the Shadowed
  1793 | D:2      | Slain by an orc

Skill      XL: |  1  2 |
---------------+-------+-----
Stealth        | 3 |  3.6
Dodging        | 3 |  3.4
Poison Magic   | 3 |  3.4
Spellcasting   | |  2.5
Conjurations   | |  0.8

Action                   || total
-------------------------++-------
Melee: Unarmed           ||    24
       Bite              ||     5
 Cast: Sting             ||    47
       Poisonous Vapours ||    21
 Stab: Sleeping          ||     1
  Eat: Chunk             ||     4
Armor: Skin              ||     2
Dodge: Dodged            ||    24
